 Dungeon Crawl Stone Soup version 0.20-a0-830-g2c9a30d (webtiles) character file.

247 nikopol the Skirmisher (level 5, -5/72 HPs)
             Began as a Minotaur Berserker on Mar 6, 2017.
             Was a Priest of Trog.
             Slain by a wight
             ... wielding a cursed +0 battleaxe
              (9 damage)
             ... on level 3 of the Dungeon.
             The game lasted 00:04:46 (1800 turns).

nikopol the Skirmisher (Minotaur Berserker)         Turns: 1800, Time: 00:04:46

Health: -5/72      AC:  6    Str: 26    XL:     5   Next: 85%
Magic:  4/4        EV: 12    Int:  4    God:    Trog [***...]
Gold:   101        SH:  0    Dex: 11    Spells: 4/4 levels left

rFire    . . .     SeeInvis .   a - +0 hand axe
rCold    . . .     Gourm    .   r - +0 ring mail
rNeg     . . .     Faith    .   (no shield)
rPois    .         Spirit   .   (helmet restricted)
rElec    .         Reflect  .   (no cloak)
rCorr    .         Harm     .   x - +0 pair of gloves
MR       .....                  (no boots)
Stlth    ..........             (no amulet)
Regen    0.3/turn               (no ring)
MPRegen  0.1/turn               (no ring)

@: berserking, drained, very quick
A: retaliatory headbutt, horns 2
a: Berserk, Trog's Hand, Burn Spellbooks, Renounce Religion


You were on level 3 of the Dungeon.
You worshipped Trog.
Trog was most pleased with you.
You were hungry.

You visited 1 branch of the dungeon, and saw 3 of its levels.

You collected 101 gold pieces.

Inventory:

Hand Weapons
 a - a +0 hand axe (weapon)
 f - a +0 hand axe of venom
Missiles
 u - 14 arrows (quivered)
Armour
 b - a +0 animal skin
 r - a +0 ring mail (worn)
 x - a +0 pair of gloves (worn)
Jewellery
 y - an uncursed ring of wizardry {unknown}
Scrolls
 e - 3 scrolls of identify
 i - a scroll of remove curse {unknown}
 k - a scroll of enchant armour {unknown}
 n - a scroll of teleportation {unknown}
 v - a scroll of fear {unknown}
Potions
 d - a potion of agility {unknown}
 g - 2 potions of curing {unknown}
 h - 2 potions of lignification {unknown}
 j - a potion of haste {unknown}
 l - a potion of heal wounds {unknown}
 m - a potion of might {unknown}
 p - a potion of mutation {unknown}
 w - 2 potions of brilliance {unknown}
 z - a potion of cancellation {unknown}
Comestibles
 c - 4 bread rations
 o - a meat ration
 q - 10 fruits
 s - 2 royal jellies
 t - 11 chunks of flesh


   Skills:
 + Level 5.1(4.4) Fighting
 + Level 4.8(4.0) Axes
 + Level 4.3(3.6) Armour
 + Level 3.8(3.1) Dodging


You had 4 spell levels left.
You didn't know any spells.

Dungeon Overview and Level Annotations

Branches:
Dungeon (3/15)

Altars:


Innate Abilities, Weirdness & Mutations

You reflexively headbutt those who attack you in melee.
You have a pair of horns on your head.


Message History

You feel yourself moving faster!
You feel mighty!
You are feeling hungry.
The wight closely misses you.
The wight hits you from afar with an enchanted trident!
* * * LOW HITPOINT WARNING * * *
You slash the wight!
The wight is almost destroyed.
You hit the wight. The wight barely misses you. You furiously retaliate!
You headbutt the wight!
You destroy the wight!
Trog accepts your kill. The wight closely misses you.
You barely miss the wight.
The wight is almost destroyed.
The wight hits you from afar with an enchanted trident.
* * * LOW HITPOINT WARNING * * *
You barely miss the wight.
The wight is almost destroyed.
You slash the wight! The wight hits you with a battleaxe!
You die...

....... ....... #
....... . .......#.
........# ######
......zz# .# #....#
#......zz# ...#
#....### .. #@##....#
#....... ..
#.#####...)...#
#..###<#
..#####.##.....#....#
########
...#.......##.## ...#
#.....>#
#.........##.# ..#
#..#####
#..........#.# .#
##.# # #..........#.#
. #.#####
.#..........#.#
#......
............#.# #
#..####


You could see 4 wights.

Vanquished Creatures
  The ghost of Yehuk the Covered, an amateur DDFi (D:3)
  A wight (D:3)
  4 adders
  An ooze (D:2)
  A worm (D:2)
  2 dart slugs
  An orc (D:3)
  8 bats
  2 giant cockroaches
  9 goblins
  6 hobgoblins
  7 jackals
  14 kobolds
  A quokka (D:2)
  4 frilled lizards
  4 rats
66 creatures vanquished.

Notes
Turn   | Place    | Note
-------+----------+-------------------------------------------
     0 | D:1      | nikopol the Minotaur Berserker began the quest for the Orb.
     0 | D:1      | Reached XP level 1. HP: 19/19 MP: 0/0
   215 | D:1      | Reached XP level 2. HP: 27/27 MP: 1/1
   253 | D:1      | You fall through a shaft!
   366 | D:2      | Reached skill level 4 in Fighting
   366 | D:2      | Reached XP level 3. HP: 33/33 MP: 2/2
   430 | D:1      | Reached ** piety under Trog
  1155 | D:2      | Reached XP level 4. HP: 41/41 MP: 3/3
  1454 | D:3      | Noticed Yehuk's ghost (amateur DDFi)
  1467 | D:3      | Killed Yehuk's ghost
  1467 | D:3      | Reached XP level 5. HP: 29/47 MP: 4/4
  1640 | D:3      | Reached skill level 5 in Fighting
  1677 | D:3      | Reached *** piety under Trog
  1800 | D:3      | Slain by a wight

Vault maps used:
D:1:      minmay_arrival_floating_metal, grunt_decor_fettered, minmay_tripent
D:2:      first_bread
D:3:      cheibrodos_ashenzari_chains, minmay_misc_feat_roman, bh_chokoban

Skill      XL: |  1  2  3  4  5 |
---------------+----------------+-----
Fighting       | 4 5 |  5.1
Axes           | 4 |  4.8
Dodging        | 3 |  3.8
Armour         | 3 4 |  4.3

Action                   |  1- 3 |  4- 6 || total
-------------------------+-------+-------++-------
Melee: Hand axe          |    76 |    51 ||   127
       Headbutt          |    11 |     7 ||    18
Invok: Berserk           |       |     2 ||     2
       Burn Spellbooks   |       |     1 ||     1
  Use: Scroll            |     1 |       ||     1
 Stab: Sleeping          |     1 |       ||     1
  Eat: Chunk             |     1 |     3 ||     4
Armor: Animal skin       |     8 |       ||     8
       Ring mail         |    21 |    16 ||    37
Dodge: Dodged            |    37 |    43 ||    80
